Map: Lightshade LE

Players

A.I. 1 (Very Easy) - Winner!

  • Race: Terran Terran

Gemini

  • Race: Protoss Protoss
  • League: Master

VOD

Have the link to the VOD?

Description

Time

  • Played on: May 8, 2021, 11:19 a.m.
  • Length: 8:12
Show
View Real Time Build Order
Export as new Build Order

A.I. 1 (Very Easy) Terran - Winner!

Build Orders: Reaper Expand 

Get SALT Encoding   

  12  0:00  SCV  
  13  0:13  SCV  
  14  0:18  Supply Depot  
  14  0:42  Barracks  
  14  1:02  Command Center  
  14  1:30  Supply Depot, Orbital Command  
  14  1:31  Marine  
  15  1:35  Refinery  
  15  1:47  Refinery  
  15  1:55  SCV  
  16  2:07  SCV  
  17  2:14  SCV  
  18  2:16  Reaper  
  18  2:21  SCV  
  20  2:28  SCV  
  21  2:36  SCV  
  22  2:43  SCV  
  23  2:50  SCV, Refinery  
  24  2:57  SCV, Marine  
  26  3:04  SCV  
  27  3:11  SCV  
  28  3:14  Factory  
  28  3:36  Refinery  
  28  3:38  SCV  
  28  3:40  Marine  
  30  3:45  SCV  
  31  3:53  SCV  
  32  3:56  Supply Depot  
  32  4:00  SCV  
  32  4:01  Starport  
  33  4:07  SCV  
  34  4:14  SCV  
  35  4:21  SCV  
  35  4:22  Reaper  
  37  4:29  SCV  
  38  4:36  SCV  
  39  4:39  Starport Tech Lab, Supply Depot  
  39  4:43  SCV  
  40  4:50  SCV  
  41  4:55  Barracks Tech Lab  
  41  4:57  SCV  
  41  4:58  Raven  
  44  5:04  SCV  
  45  5:12  SCV  
  45  5:13  Marine  
  47  5:19  SCV  
  48  5:26  SCV  
  48  5:41  Raven  
  50  5:55  Marine  
  51  6:38  Marauder  
  53  6:43  SCV  
Show
View Real Time Build Order
Export as new Build Order

Gemini Protoss 

Build Orders: 1 Gate Expand, Blink Stalkers, Colossus Rush 

Get SALT Encoding   

  12  0:00  Probe  
  13  0:12  Probe  
  14  0:18  Pylon  
  14  0:24  Probe (Chrono Boost)  
  15  0:37  Gateway, Probe (Chrono Boost)  
  16  0:45  Probe (Chrono Boost)  
  16  0:46  Assimilator  
  17  0:51  Probe  
  18  1:03  Probe  
  19  1:15  Probe  
  20  1:22  Nexus  
  20  1:31  Cybernetics Core  
  20  1:34  Probe  
  21  1:42  Assimilator  
  21  1:47  Probe  
  21  1:50  Pylon  
  22  1:59  Probe  
  23  2:05  Stalker (Chrono Boost)  
  23  2:08  Warp Gate  
  25  2:12  Probe  
  26  2:24  Probe (Chrono Boost)  
  26  2:28  Sentry  
  29  2:34  Probe (Chrono Boost)  
  29  2:36  Probe (Chrono Boost)  
  31  2:43  Probe (Chrono Boost)  
  33  2:44  Probe (Chrono Boost)  
  33  2:46  Twilight Council  
  33  2:48  Probe (Chrono Boost)  
  33  2:50  Probe  
  35  3:00  Probe, Stalker  
  35  3:02  Probe  
  39  3:10  Gateway  
  39  3:12  Gateway, Probe  
  40  3:18  Pylon, Probe  
  40  3:19  Blink (Chrono Boost)  
  41  3:24  Probe  
  42  3:32  Probe  
  43  3:39  Robotics Facility, Probe (Chrono Boost)  
  44  3:44  Probe (Chrono Boost)  
  45  3:51  Pylon  
  45  3:53  Probe x2 (Chrono Boost)  
  47  3:59  Probe  
  47  4:01  Probe, Assimilator  
  47  4:02  Stalker  
  51  4:03  Assimilator  
  51  4:04  Stalker  
  53  4:13  Probe  
  53  4:14  Probe  
  55  4:17  Pylon  
  55  4:25  Probe  
  55  4:26  Probe  
  55  4:27  Observer (Chrono Boost)  
  58  4:34  Pylon, Robotics Bay  
  58  4:37  Probe  
  58  4:38  Probe  
  60  4:45  Stalker  
  60  4:46  Observer (Chrono Boost)  
  60  4:50  Probe  
  64  4:54  Probe  
  64  4:57  Pylon  
  64  4:59  Nexus  
  65  5:03  Probe, Observer (Chrono Boost)  
  65  5:06  Probe  
  68  5:13  Forge  
  68  5:19  Probe x2  
  68  5:21  Colossus (Chrono Boost)  
  70  5:22  Shield Battery  
  70  5:24  Extended Thermal Lance  
  76  5:31  Gateway x2  
  76  5:36  Gateway  
  76  5:41  Pylon, Charge  
  76  5:44  Sentry  
  76  5:47  Protoss Ground Weapons Level 1 (Chrono Boost), Probe x2  
  80  5:59  Zealot x2  
  84  6:06  Colossus (Chrono Boost)  
  90  6:12  Probe x3  
  90  6:14  Assimilator  
  90  6:16  Assimilator  
  93  6:19  Pylon  
  93  6:23  Stalker x2  
  93  6:24  Probe x3  
  100  6:33  Stalker  
  100  6:36  Probe x2  
  100  6:39  Probe  
  105  6:46  Zealot x3  
  111  6:48  Probe x2  
  111  6:53  Gateway x2  
  113  6:59  Pylon  
  113  7:01  Pylon  
  113  7:13  Pylon, Templar Archives, Colossus (Chrono Boost)  
  113  7:16  Zealot x2  
  113  7:21  Zealot x4  
  131  7:24  Probe  
  131  7:25  Probe  
  131  7:29  Pylon  
  133  7:31  Probe  
  134  7:38  Stalker x2  
  138  7:46  Pylon  
  138  7:48  Pylon, Nexus  
  138  7:50  Pylon  
  138  7:52  High Templar x4  
  138  7:54  High Templar  
  146  7:58  High Templar  
  146  8:01  Archon x2  
  146  8:03  Archon  
  150  8:07  Zealot  
  150  8:09  Zealot  
Tags
 
Add a new tag
Caveats
  • Supply blocks, unpowered buildings, or Contaminate may cause inaccurate times.
  • Supply counts are checked every 10 seconds.